 Dungeon Crawl Stone Soup version 0.15.1-2-g8fbdab7 (webtiles) character file.

43775 Johnny the Fighter (level 13, -1/107 HPs)
             Began as a Demigod Ice Elementalist on Sept 30, 2014.
             Splashed by an acid blob's acid (8 damage)
             ... on Level 8 of the Lair of Beasts on Oct 1, 2014.
             The game lasted 01:43:07 (22856 turns).

Johnny the Fighter (Demigod Ice Elementalist)      Turns: 22856, Time: 01:43:07

HP  -1/107       AC 13     Str 16      XL: 13   Next: 55%
MP   3/40        EV 15     Int 24      God:
Gold 2092        SH  0     Dex 19      Spells:  6 memorised,  7 levels left

rFire  . . .     SeeInvis .     z - +9 scythe (protect)
rCold  + . .     Clarity  .     O - +2 ring mail {rC+}
rNeg   . . .     rCorr    .     (no shield)
rPois  .         rRot     .     S - +0 helmet
rElec  .         Spirit   .     L - +2 cloak {MR+}
SustAb .         Warding  .     (no gloves)
rMut   .         Stasis   .     K - +0 pair of boots
Gourm  +                        n - amulet of the gourmand
MR     +++..                    y - ring of magical power
                                E - ring "Rogeidwo" {MR+ Str+3 Slay+4}

@: corroded equipment, very slightly contaminated, extremely resistant to
hostile enchantments, fairly stealthy
A: no striking features
a: no special abilities


You were on level 8 of the Lair of Beasts.
You were very full.

You visited 3 branches of the dungeon, and saw 22 of its levels.
You also visited: Labyrinth and Sewer.

You collected 2092 gold pieces.

Inventory:

Hand weapons
 z - a +9 scythe of protection (weapon)
Armour
 K - a +0 pair of boots (worn)
 L - a +2 cloak of magic resistance (worn)
 O - a +2 ring mail of cold resistance (worn)
 S - a +0 helmet (worn)
Magical devices
 H - a wand of hasting (3)
 T - a wand of fireball (5)
 Y - a wand of hasting (7)
Comestibles
 c - 11 bread rations
 g - 5 beef jerkies
 w - 15 fruits
 F - 9 meat rations
 Q - 12 slices of pizza
Scrolls
 a - 2 scrolls of amnesia
 h - 4 scrolls of teleportation
 k - 4 scrolls of remove curse
 p - 3 scrolls of fog
 v - 2 scrolls of magic mapping
 D - 4 scrolls of fear
 I - 5 scrolls of enchant armour
 J - 4 scrolls of blinking
 V - a scroll of recharging
 Z - a scroll of summoning {unknown}
Jewellery
 e - the ring "Funnabro" {+Fly Str+1 Dex+3}
   (You found it on level 4 of the Dungeon)

   [ring of flight]

   It affects your strength (+1).
   It affects your dexterity (+3).
   It lets you fly.
 n - an amulet of the gourmand (around neck)
 y - a ring of magical power (right hand)
 E - the ring "Rogeidwo" (left hand) {MR+ Str+3 Slay+4}
   (You found it on level 4 of the Dungeon)

   [ring of protection from magic]

   It affects your strength (+3).
   It affects your accuracy and damage with ranged weapons and melee attacks
   (+4).
   It affects your resistance to hostile enchantments.
Potions
 i - 3 potions of magic {unknown}
 j - 5 potions of might
 l - 2 potions of haste
 m - 2 potions of confusion {unknown}
 o - a potion of flight
 q - 3 potions of restore abilities
 r - a potion of cancellation
 s - 2 potions of brilliance {unknown}
 t - 3 potions of resistance {unknown}
 u - 2 potions of degeneration {unknown}
 x - 4 potions of poison {unknown}
 A - 3 potions of decay {unknown}
 B - 3 potions of mutation {unknown}
 C - a potion of cure mutation {unknown}
 G - 5 potions of heal wounds
 P - a potion of porridge
 W - 3 potions of curing
Books
 b - a book of Power

   Spells                             Type                      Level
   Fulminant Prism                    Conjuration/Hexes            4
   Iskenderun's Mystic Blast          Conjuration                  4
   Venom Bolt                         Conjuration/Poison           5
   Bolt of Magma                      Conjuration/Fire/Earth       5
   Iron Shot                          Conjuration/Earth            6
   Orb of Destruction                 Conjuration                  7
 d - a Necronomicon {highlevel, unknown}

   This book is beyond your current level of understanding.

   Spells                             Type                      Level
   Haunt                              Necromancy/Summoning         7
   Borgnjor's Revivification          Necromancy                   8
   Death's Door                       Charms/Necromancy            8
   Necromutation                      Transmutation/Necromancy     8
Rods
 f - a +6 rod of the swarm (9/9)
   (You took it off a minotaur in a labyrinth)


   Skills:
 * Level 8.1 Fighting
 + Level 4.8 Armour
 * Level 8.1 Dodging
 + Level 6.5 Stealth
 * Level 7.3 Spellcasting
 * Level 4.7 Conjurations
 * Level 5.4 Hexes
 * Level 5.0 Charms
 * Level 7.4 Summonings
 * Level 8.1 Ice Magic
 * Level 4.7 Earth Magic
 * Level 7.8 Evocations


You had 7 spell levels left.
You knew the following spells:

 Your Spells              Type           Power        Failure   Level  Hunger
a - Freeze                Ice            ####         1%          1    None
b - Summon Ice Beast      Ice/Summ       #####...     3%          4    ###....
c - Ozocubu's Armour      Chrm/Ice       #####...     1%          3    None
d - Throw Icicle          Conj/Ice       #####...     8%          4    ###....
e - Petrify               Trmt/Erth      ###.....     30%         4    ###....
f - Confuse               Hex            ####....     2%          3    None


Dungeon Overview and Level Annotations

Branches:
Dungeon (10/15)            Temple (0/1) D:5             Orc (4/4) D:10
    Elf (0/3) Orc:4          Lair (8/8) D:10          Swamp (0/5) Lair:4
 Spider (0/5) Lair:5
  Slime: Lair:6-8

Shops:
D:8 %

Annotations:
D:3 stonage's ghost, average OpFE


Message History

The splash of acid hits you!
The acid burns!
Your ice beast hits the acid blob.
Your ice beast freezes the acid blob!
Your ice beast is burned by acid!
Unknown command.
Casting: Confuse
Confirm with . or Enter, or press ? or * to list all spells.
A chill wind blows around you. The acid blob hits you!!
You are splashed with acid!
The acid burns!
Your ice beast hits the acid blob.
Your ice beast freezes the acid blob!
Your ice beast is burned by acid!
The acid blob spits acid at you. The splash of acid hits you!
* * * LOW HITPOINT WARNING * * *
The acid corrodes your equipment!
The acid burns!
* * * LOW HITPOINT WARNING * * *
The acid blob spits acid at you. The splash of acid hits you!
* * * LOW HITPOINT WARNING * * *
The acid burns!
You die...

,,,,................P...,,,,,,,,,
,,,.......PP.##.........,,,,,,,,,
,,........P.P.PP........,,,,,,,,,
P...........PP.....P.....,,,,,,,,
..............P..........,,,,_>,,
........P.##%........P#P.,,,,,,,,
.#.......#.....Y..J.P.#*..,,,,,,,
...........###.%..Y..P##..P,,,,,,
PP..........##..@.....P..#,,,,,,,
P...........P##..........##,*,,,,
............P#..........PP#.,,,,,
P...P.......P...............P,,,,
....................%........,,,,
.............................,,,,
.........####................,,,,
..........# ###...(.........,,,,,
..........#* #...........##*,,,,


You could see an acid blob and 2 friendly ice beasts.

Vanquished Creatures
  2 hydras
  Erica (Lair:2)
  4 death yaks (Lair:5)
  A manticore (Lair:6)
  A griffon (Lair:6)
  9 elephants
  Maurice (D:9)
  4 black mambas
  3 spiny frogs
  A torpor snail (Lair:7)
  5 fire drakes
  A komodo dragon (Lair:6)
  2 polar bears (Orc:3)
  4 blink frogs (Lair:7)
  3 basilisks (Lair:6)
  11 yaks
  A wyvern (Lair:5)
  A hog (D:8)
  A hill giant zombie (D:9)
  6 hippogriffs
  2 wargs
  5 wolves
  6 water moccasins
  3 ice beasts
  5 porcupines
  A phantom (D:9)
  5 orc warriors
  3 ogres
  2 sky beasts
  2 necrophages
  13 crocodiles
  5 centaurs
  Sigmund (D:4)
  A big kobold (Sewer)
  12 giant frogs
  2 scorpions
  11 wights
  A vampire bat (Lair:2)
  7 crimson imps
  2 jellies
  15 orc priests
  9 hounds
  15 orc wizards
  9 iguanas
  9 worker ants
  Natasha (twice) (D:4)
  A wolf simulacrum (Lair:5)
  A yak simulacrum (Lair:5)
  3 polar bear simulacra (Lair:5)
  12 sheep
  Ijyb (D:2)
  A sky beast zombie (D:7)
  An ogre skeleton (D:5)
  A hound skeleton (D:6)
  32 green rats
  2 orc zombies
  A scorpion zombie (D:7)
  18 adders
  A giant mite (D:4)
  3 worms
  An iguana skeleton (D:6)
  8 giant geckos
  An ooze (D:2)
  65 orcs
  22 bats
  7 giant cockroaches
  8 goblins
  20 hobgoblins
  9 jackals
  10 quokkas
  A ball python (D:2)
  6 giant newts
  A goblin skeleton (D:4)
  A green rat simulacrum (Lair:5)
  2 hobgoblin skeletons
  A hobgoblin zombie (D:5)
  18 kobolds
  A kobold skeleton (D:6)
  3 orc skeletons
  11 rats
  A ballistomycete (D:9)
  A bush (Lair:5)
486 creatures vanquished.

Vanquished Creatures (collateral kills)
  Gastronok (Lair:2)
  Snorg (Lair:5)
  A minotaur (Lab)
  7 hydras
  Harold (Lair:7)
  2 death yaks (Lair:5)
  An orc high priest (Orc:3)
  The ghost of jeykey the Ducker, an experienced GrAr of Qazlal (D:9)
  A catoblepas (Lair:8)
  The ghost of stonage the Poker, an experienced OpFi (D:7)
  A swamp dragon (Lair:4)
  A necromancer (Lair:5)
  An orc sorcerer (Orc:3)
  A griffon (Lair:3)
  3 oklob plants
  3 black mambas
  5 elephants
  A manticore (Lair:6)
  Psyche (D:10)
  5 komodo dragons
  4 spiny frogs
  3 fire drakes
  2 trolls
  8 blink frogs
  A two-headed ogre (D:8)
  A baby alligator (Lair:4)
  36 yaks
  2 basilisks
  A deep elf mage (D:9)
  A wyvern (Lair:6)
  A human (D:8)
  Grum (D:8)
  A hungry ghost (D:8)
  A steam dragon (Lair:6)
  3 hippogriffs
  A warg (D:10)
  A spatial vortex (Orc:3)
  7 orc warriors
  4 water moccasins
  20 wolves
  4 porcupines
  6 necrophages
  A phantom (D:8)
  4 ogres
  A big kobold (D:8)
  3 crocodiles
  3 giant frogs
  2 wights (D:9)
  A quasit (D:7)
  A goliath beetle (D:7)
  A jelly (D:9)
  9 orc priests
  5 iguanas
  11 orc wizards
  A worker ant (D:10)
  2 yak simulacra (Lair:5)
  A polar bear simulacrum (Lair:5)
  23 sheep
  24 green rats
  2 adders
  A giant mite (D:7)
  A giant gecko (D:8)
  70 orcs
  2 hobgoblins
  2 kobolds (D:8)
  A quokka (Lair:5)
  2 bats (Lair:2)
  A giant newt (D:7)
  2 green rat simulacra (Lair:5)
  A jackal skeleton (D:7)
  2 orc zombies (Orc:3)
  A bush (Lair:6)
  A butterfly (Lair:8)
  3 plants
333 creatures vanquished.

Vanquished Creatures (others)
  130 ice beasts
  A green rat (Lair:5)
  A giant spore (D:9)
  A bush (Lair:6)
  14 fungi
  A plant (Lair:7)
148 creatures vanquished.

Grand Total: 967 creatures vanquished

Notes
Turn   | Place    | Note
--------------------------------------------------------------
     0 | D:1      | Johnny, the Demigod Ice Elementalist, began the quest for the Orb.
     0 | D:1      | Reached XP level 1. HP: 14/14 MP: 3/3
   598 | D:1      | Reached XP level 2. HP: 16/22 MP: 4/4
  1211 | D:2      | Noticed Ijyb
  1249 | D:2      | Killed Ijyb
  1249 | D:2      | Reached skill level 1 in Fighting
  1249 | D:2      | Reached skill level 3 in Ice Magic
  1249 | D:2      | Reached XP level 3. HP: 12/28 MP: 0/8
  1385 | D:2      | Found a shadowy altar of Dithmenos.
  1753 | D:2      | Found a shattered altar of Ashenzari.
  1836 | D:2      | Found a shimmering altar of Xom.
  2054 | D:3      | Reached skill level 1 in Armour
  2054 | D:3      | Reached XP level 4. HP: 25/35 MP: 3/10
  2118 | D:3      | Found a glowing drain.
  2144 | Sewer    | Entered a sewer
  2247 | Sewer    | Learned a level 4 spell: Summon Ice Beast
  2296 | Sewer    | Noticed a big kobold
  2315 | Sewer    | Killed a big kobold
  2315 | Sewer    | Reached XP level 5. HP: 34/41 MP: 1/12
  2358 | Sewer    | Found a white marble altar of Elyvilon.
  2603 | D:3      | Found a radiant altar of Vehumet.
  2603 | D:3      | Found a burning altar of Makhleb.
  2631 | D:3      | Noticed stonage's ghost (average OpFE)
  2794 | D:4      | Reached skill level 1 in Summonings
  2829 | D:4      | Reached XP level 6. HP: 44/49 MP: 11/15
  3099 | D:4      | Noticed Sigmund
  3110 | D:4      | Killed Sigmund
  3225 | D:4      | Reached XP level 7. HP: 34/56 MP: 9/18
  3317 | D:4      | Reached skill level 4 in Ice Magic
  3336 | D:4      | Got a warped iron ring
  3348 | D:4      | Noticed Natasha
  3353 | D:4      | Killed Natasha
  3390 | D:4      | Identified the ring "Rogeidwo" {MR+ Str+3 Slay+4} (You found it on level 4 of the Dungeon)
  3696 | D:4      | Got a faintly glowing pewter ring
  3786 | D:5      | Entered Level 5 of the Dungeon
  3827 | D:4      | Noticed Natasha
  3833 | D:4      | Killed Natasha
  4232 | D:5      | Found a shattered altar of Ashenzari.
  4447 | D:5      | Found a staircase to the Ecumenical Temple.
  4581 | D:5      | Reached skill level 1 in Evocations
  4818 | D:6      | Reached XP level 8. HP: 42/63 MP: 20/20
  5100 | D:6      | Found an ancient bone altar of Kikubaaqudgha.
  5102 | D:6      | Found a basalt altar of Yredelemnul.
  5103 | D:6      | Found a glowing golden altar of the Shining One.
  5103 | D:6      | Found a white marble altar of Elyvilon.
  5103 | D:6      | Found a glowing silver altar of Zin.
  5103 | D:6      | Found an iron altar of Okawaru.
  5447 | D:7      | Noticed stonage's ghost (experienced OpFi)
  5460 | D:7      | Killed stonage's ghost
  5815 | D:7      | Reached skill level 5 in Ice Magic
  6245 | D:7      | Reached XP level 9. HP: 34/71 MP: 12/23
  6507 | D:7      | Identified the ring "Funnabro" {+Fly Str+1 Dex+3} (You found it on level 4 of the Dungeon)
  7031 | D:8      | Noticed Grum
  7041 | D:8      | Killed Grum
  7199 | D:8      | Reached skill level 5 in Dodging
  7368 | D:8      | Found Twevah's Food Boutique.
  7494 | D:9      | Noticed Maurice
  7507 | D:9      | Killed Maurice
  7586 | D:9      | Reached skill level 5 in Fighting
  7600 | D:9      | Noticed jeykey's ghost (experienced GrAr)
  7613 | D:9      | Killed jeykey's ghost
  7613 | D:9      | Reached skill level 5 in Stealth
  7613 | D:9      | Reached skill level 5 in Spellcasting
  7613 | D:9      | Reached XP level 10. HP: 81/81 MP: 10/25
  7840 | D:9      | Reached skill level 6 in Ice Magic
  7930 | D:9      | Reached skill level 5 in Summonings
  8065 | D:10     | Entered Level 10 of the Dungeon
  8264 | D:10     | Found a staircase to the Lair.
  8479 | D:10     | Noticed Psyche
  8486 | D:10     | Killed Psyche
  8547 | D:10     | Found a staircase to the Orcish Mines.
  8565 | D:10     | Learned a level 4 spell: Throw Icicle
  8569 | D:10     | Learned a level 3 spell: Ozocubu's Armour
  8574 | D:10     | Learned a level 4 spell: Petrify
  8578 | D:10     | Learned a level 3 spell: Confuse
  8683 | D:10     | Reached skill level 1 in Conjurations
  9046 | Orc:1    | Entered Level 1 of the Orcish Mines
  9139 | Orc:1    | Reached skill level 5 in Evocations
  9612 | Orc:1    | Reached skill level 1 in Hexes
  9768 | Orc:1    | Found a bloodstained altar of Trog.
 10036 | Orc:3    | Found a roughly hewn altar of Beogh.
 10111 | Orc:3    | Reached skill level 1 in Earth Magic
 10433 | Orc:3    | Noticed an orc sorcerer
 10832 | Orc:3    | Reached skill level 1 in Charms
 10871 | Orc:3    | Noticed an orc high priest
 10884 | Orc:3    | Killed an orc high priest
 10889 | Orc:3    | Found a roughly hewn altar of Beogh.
 10982 | Orc:3    | Killed an orc sorcerer
 11138 | Orc:3    | Reached XP level 11. HP: 52/89 MP: 9/27
 11508 | Orc:4    | Entered Level 4 of the Orcish Mines
 11571 | Orc:4    | Found a staircase to the Elven Halls.
 11806 | Lair:1   | Entered Level 1 of the Lair of Beasts
 11862 | Lair:1   | Found a shimmering altar of Xom.
 12055 | Lair:1   | Noticed a four-headed hydra
 12069 | Lair:1   | Killed a five-headed hydra
 12182 | Lair:1   | Noticed a four-headed hydra
 12190 | Lair:1   | Killed a four-headed hydra
 12608 | Lair:2   | Noticed Gastronok
 12624 | Lair:2   | Killed Gastronok
 12873 | Lair:2   | Noticed Erica
 13089 | Lair:2   | Killed Erica
 13217 | Lair:2   | Noticed a four-headed hydra
 13231 | Lair:2   | Killed a five-headed hydra
 13345 | Lair:2   | Reached skill level 7 in Ice Magic
 14632 | Lair:3   | Reached XP level 12. HP: 84/97 MP: 27/29
 15130 | Lair:3   | Noticed an eight-headed hydra
 15140 | Lair:3   | Killed a nine-headed hydra
 15274 | Lair:4   | Found a staircase to the Swamp.
 16752 | Lair:5   | Noticed Snorg
 16762 | Lair:5   | Killed Snorg
 17084 | Lair:5   | Found a hole to the Spider Nest.
 18937 | Lair:6   | Reached XP level 13. HP: 93/107 MP: 17/30
 19019 | Lair:6   | Noticed a six-headed hydra
 19525 | Lair:6   | Killed a seven-headed hydra
 19678 | Lair:6   | Noticed a four-headed hydra
 19689 | Lair:6   | Killed a four-headed hydra
 20053 | Lair:6   | Reached skill level 8 in Fighting
 20053 | Lair:6   | Reached skill level 5 in Hexes
 20614 | Lair:7   | Noticed Harold
 20630 | Lair:7   | Killed Harold
 20649 | Lair:7   | Found a radiant altar of Vehumet.
 21316 | Lair:8   | Entered Level 8 of the Lair of Beasts
 21330 | Lair:8   | Found a labyrinth entrance.
 21335 | Lair:8   | Reached skill level 5 in Charms
 21344 | Lab      | Entered a labyrinth
 22458 | Lab      | Identified a scroll of acquirement
 22846 | Lair:8   | Noticed an acid blob
 22856 | Lair:8   | Splashed by an acid blob's acid

Action                   |  1- 3 |  4- 6 |  7- 9 | 10-12 | 13-15 || total
-------------------------+-------+-------+-------+-------+-------++-------
Melee: Spear             |    90 |     4 |       |       |       ||    94
       Unarmed           |    11 |       |       |       |       ||    11
       Hand axe          |     7 |       |       |       |       ||     7
       Dagger            |       |   101 |       |       |       ||   101
       Scythe            |       |     8 |   267 |   689 |   167 ||  1131
 Cast: Freeze            |    40 |    88 |    47 |    40 |     5 ||   220
       Summon Ice Beast  |       |       |    36 |   269 |    76 ||   381
       Throw Icicle      |       |       |       |    15 |    12 ||    27
       Confuse           |       |       |       |    42 |    15 ||    57
       Petrify           |       |       |       |    18 |     8 ||    26
Evoke: Wand              |       |       |     3 |    16 |     1 ||    20
  Use: Scroll            |     1 |       |    21 |     9 |     5 ||    36
       Potion            |     3 |     2 |       |     9 |       ||    14
 Stab: Sleeping          |     3 |       |    15 |    20 |     5 ||    43
       Distracted        |       |       |     2 |    14 |     4 ||    20
       Petrifying        |       |       |       |     5 |       ||     5
       Confused          |       |       |       |     2 |     1 ||     3
       Petrified         |       |       |       |     2 |     1 ||     3
  Eat: Chunk             |     4 |     4 |    12 |    89 |    21 ||   130
       Bread ration      |       |       |     1 |       |       ||     1
       Beef jerky        |       |       |     2 |       |       ||     2
       Fruit             |       |       |     1 |       |       ||     1
       Royal jelly       |       |       |       |     1 |     1 ||     2
